 Dungeon Crawl Stone Soup version 0.23-a0-300-g6719eeacba (webtiles) character file.

15860 PikkenKukken the Grappler (level 12, -4/114 HPs)
             Began as a Troll Fighter on Oct 7, 2018.
             Was a High Priest of Elyvilon.
             Slain by an elephant (11 damage)
             ... on level 4 of the Lair of Beasts.
             The game lasted 00:23:02 (11465 turns).

PikkenKukken the Grappler (Troll Fighter)          Turns: 11465, Time: 00:23:02

Health: -4/114     AC:  7    Str: 29    XL:     12   Next: 5%
Magic:  15/15      EV: 10    Int:  8    God:    Elyvilon [*****.]
Gold:   705        SH:  0    Dex:  9    Spells: 9/16 levels left

rFire    + . .     SeeInvis +     - Unarmed
rCold    + . .     Gourm    +   b - +1 shield
rNeg     . . .     Faith    .   m - +1 robe {rF+}
rPois    .         Spirit   .   (helmet restricted)
rElec    .         Reflect  .   x - +0 cloak
rCorr    +         Harm     .   (gloves unavailable)
MR       .....                  (boots unavailable)
Stlth    +.........             (no amulet)
HPRegen  0.69/turn              s - ring of resist corrosion
MPRegen  0.14/turn              B - ring of see invisible (curse)

@: confused, lethally poisoned (-4 -> -4)
A: large, unfitting armour, claws 3, cold resistance 1, fast metabolism 3,
gourmand, regeneration 1, shaggy fur 1, strong 1, tough skin 2, MP-powered wands
a: Lesser Healing, Heal Other, Purification, Greater Healing, Divine Vigour,
Divine Protection, Renounce Religion


You were on level 4 of the Lair of Beasts.
You worshipped Elyvilon.
Elyvilon was extremely pleased with you.
You were very full.

You visited 3 branches of the dungeon, and saw 15 of its levels.
You also visited: Sewer.

You collected 705 gold pieces.

Inventory:

Armour
 a - a +0 robe
 b - a +1 shield (worn)
 m - a +1 robe of fire resistance (worn)
 x - a +0 cloak (worn)
Jewellery
 s - a ring of resist corrosion (left claw)
 B - a cursed ring of see invisible (right claw)
 D - an uncursed amulet of faith
 G - an uncursed ring of fire
 H - an uncursed ring of protection from fire
Wands
 y - a wand of polymorph (7)
 C - a wand of flame (49)
 E - a wand of iceblast (4)
 J - a wand of enslavement (13)
Scrolls
 e - a scroll of fear
 g - 8 scrolls of teleportation
 l - a scroll of fog
 o - 5 scrolls of enchant armour
 v - a scroll of blinking
 w - 6 scrolls of remove curse
 A - a scroll of identify
 F - a scroll of enchant weapon
 I - a scroll of amnesia
Potions
 c - 3 potions of might
 f - 7 potions of heal wounds
 h - a potion of invisibility
 i - a potion of mutation
 j - 2 potions of ambrosia
 k - 2 potions of haste
 n - 9 potions of curing
 p - 5 potions of flight
 q - 3 potions of brilliance
 r - 3 potions of agility
 t - 2 potions of berserk rage {unknown}
 u - a potion of cancellation {unknown}
 z - a potion of resistance
Comestibles
 d - 23 rations
 K - 11 chunks of flesh


   Skills:
 - Level 6.0 Fighting
 - Level 4.8 Dodging
 - Level 1.0 Stealth
 - Level 5.1 Shields
 * Level 13.4 Unarmed Combat
 + Level 2.7 Spellcasting
 - Level 3.0 Hexes
 + Level 2.0 Translocations
 - Level 6.3 Invocations


You had 9 spell levels left.
You knew the following spells:

 Your Spells              Type           Power        Failure   Level  Hunger
a - Cause Fear            Hex            #.........   91%         4    #####..
b - Confusing Touch       Hex            #.....       22%         1    ##.....
c - Blink                 Tloc           N/A          45%         2    ###....

Your spell library contained the following spells:

 Spells                   Type           Power        Failure   Level  Hunger
 Corona                   Hex            #......      22%         1    ##.....
 Apportation              Tloc           #.....       32%         1    ##.....
 Slow                     Hex            #.......     32%         2    ###....
 Animate Skeleton         Necr           N/A          58%         1    ##.....
 Summon Small Mammal      Summ           #...         58%         1    ##.....
 Shroud of Golubria       Chrm/Tloc      #.........   58%         2    ###....
 Portal Projectile        Hex/Tloc       #.....       63%         3    ####...
 Gell's Gravitas          Tloc           #.........   69%         3    ####...
 Lesser Beckoning         Tloc           #.........   69%         3    ####...
 Teleport Other           Tloc           #.......     69%         3    ####...
 Inner Flame              Hex/Fire       #.......     77%         3    ####...
 Passage of Golubria      Tloc           N/A          97%         4    #####..
 Leda's Liquefaction      Hex/Erth       #.........   99%         4    #####..


Dungeon Overview and Level Annotations

Branches:
Dungeon (10/15)            Temple (1/1) D:7            Lair (4/6) D:10
  Snake (0/4) Lair:4          Orc (0/2) D:9
  Swamp: Lair:2-4    Shoals: Lair:2-4

Altars:
Ashenzari
Cheibriados
Dithmenos
Elyvilon
Fedhas
Gozag
Hepliaklqana
Kikubaaqudgha
Makhleb
Nemelex Xobeh
Okawaru
Qazlal
Ru
Sif Muna
Trog
Uskayaw
Vehumet
Wu Jian
Xom
Yredelemnul
Zin
The Shining One

Shops:
D:5 *   D:9 [

Annotations:
D:4 2 transporters, kaisn's ghost, amateur GnWn
D:5 Prince Ribbit


Innate Abilities, Weirdness & Mutations

You are too large for most types of armour.
You have claws for hands.
Your metabolism is lightning-fast.
You like to eat raw meat.
Your natural rate of healing is unusually fast.
You are covered in fur. (AC +1)
You have very tough skin. (AC +2)
Your flesh is cold resistant. (rC+)
Your muscles are strong. (Str +2)
You expend magic power (3 MP) to strengthen your wands.


Message History

* * * LOW HITPOINT WARNING * * *
You hold your ground!
The elephant trunk-slaps you.
* * * LOW HITPOINT WARNING * * *
You bump into the rock wall.
The elephant tramples you!
* * * LOW HITPOINT WARNING * * *
You hold your ground!
The elephant trunk-slaps you but does no damage.
Okay, then.
You scratch the elephant but do no damage.
The elephant is lightly wounded.
The elephant tramples you but does no damage.
The elephant trunk-slaps you but does no damage.
You bump into the rock wall.
You feel sick. The elephant tramples you!
* * * LOW HITPOINT WARNING * * *
You hold your ground!
The elephant trunk-slaps you but does no damage.
You scratch the elephant.
The elephant is lightly wounded.
The elephant tramples you!
You die...

#.............
..
#.P...<.....h.
..
##P...........
..
##...........
..
##...#..#.#. #
#......## #
##P....###
###...#.#
#@YY....#
###Y...###
#......##
###...#.#
#.....#
#....##
#.Y...#
##....##
##....#


You could see 3 elephants.

Vanquished Creatures
  A catoblepas (Lair:2)
  2 two-headed ogres
  An ugly thing (D:9)
  3 elephants (Lair:4)
  Psyche (D:9)
  5 spiny frogs
  2 komodo dragons (Lair:3)
  A rime drake (Lair:3)
  A troll (D:10)
  3 hippogriffs
  A meliai zombie (D:10)
  3 wyverns
  Eustachio (D:5)
  12 yaks
  A hungry ghost (D:10)
  A water moccasin (D:10)
  A porcupine (Lair:2)
  An orc warrior (D:6)
  2 sky beasts
  2 swamp drakes (D:10)
  2 ice beasts
  2 ogres
  A necrophage (D:9)
  9 wolves
  A phantom (D:5)
  6 centaurs
  2 crocodiles
  5 big kobolds
  Blork the orc (D:4)
  9 bullfrogs
  A wyvern skeleton (D:4)
  3 scorpions
  9 killer bees
  4 wights (D:9)
  5 howler monkeys
  5 electric eels (D:10)
  5 crimson imps
  7 orc priests
  8 hounds
  A quasit (D:10)
  A jelly (D:8)
  A bullfrog skeleton (D:10)
  Jessica (D:2)
  Natasha (twice) (D:2)
  11 iguanas
  10 orc wizards
  12 worker ants
  A killer bee zombie (D:7)
  A hound zombie (D:8)
  A howler monkey skeleton (D:5)
  15 adders
  4 river rats (Sewer)
  5 oozes
  An adder skeleton (D:5)
  An adder zombie (D:5)
  3 worms
  A dart slug (D:1)
  4 leopard geckos
  36 orcs
  7 ball pythons
  5 giant cockroaches
  9 goblins
  13 hobgoblins
  23 jackals
  5 quokkas
  9 bats
  7 frilled lizards
  A giant cockroach zombie (D:5)
  A jackal skeleton (D:6)
  27 kobolds
  A leopard gecko skeleton (D:5)
  A leopard gecko zombie (D:6)
  30 rats
381 creatures vanquished.

Vanquished Creatures (others)
  4 fungi (Lair:2)
  2 plants
6 creatures vanquished.

Grand Total: 387 creatures vanquished

Notes
Turn   | Place    | Note
-------+----------+-------------------------------------------
     0 | D:1      | PikkenKukken the Troll Fighter began the quest for the Orb.
     0 | D:1      | Reached XP level 1. HP: 22/22 MP: 0/0
    44 | D:1      | Reached XP level 2. HP: 25/29 MP: 1/1
   163 | D:1      | Gained mutation: Your flesh is cold resistant. (rC+)
                  | [potion of mutation]
   163 | D:1      | Gained mutation: Your muscles are strong. (Str +2) [potion
                  | of mutation]
   163 | D:1      | Gained mutation: You expend magic power (3 MP) to
                  | strengthen your wands. [potion of mutation]
   289 | D:1      | Reached XP level 3. HP: 36/36 MP: 2/2
   580 | D:2      | Reached skill level 3 in Unarmed Combat
   625 | D:2      | Noticed Natasha
   633 | D:2      | Killed Natasha
   633 | D:2      | Reached XP level 4. HP: 39/44 MP: 3/3
   987 | D:2      | Noticed Natasha
   990 | D:2      | Found a blossoming altar of Fedhas.
  1001 | D:2      | Killed Natasha
  1012 | D:2      | Reached XP level 5. HP: 36/52 MP: 4/4
  1152 | D:2      | Noticed Jessica
  1165 | D:2      | Killed Jessica
  1176 | D:2      | Found a stormy altar of Qazlal.
  1282 | D:2      | Found a radiant altar of Vehumet.
  1282 | D:2      | Found a sacrificial altar of Ru.
  1436 | D:3      | Reached skill level 4 in Unarmed Combat
  1838 | D:3      | Reached XP level 6. HP: 59/59 MP: 5/5
  1974 | D:3      | Found a glowing drain.
  1993 | Sewer    | Entered a sewer
  2118 | Sewer    | Reached skill level 5 in Unarmed Combat
  2325 | Sewer    | Reached XP level 7. HP: 66/66 MP: 6/6
  2729 | D:4      | Noticed Blork the orc
  2736 | D:4      | Killed Blork the orc
  2736 | D:4      | Reached skill level 6 in Unarmed Combat
  2783 | D:4      | Noticed kaisn's ghost (amateur GnWn)
  2965 | D:4      | Found a transporter.
  2967 | D:4      | Found a transporter.
  3420 | D:5      | Entered Level 5 of the Dungeon
  3420 | D:5      | Found a bloodstained altar of Trog.
  3770 | D:5      | Reached skill level 7 in Unarmed Combat
  3773 | D:5      | Reached XP level 8. HP: 67/75 MP: 7/7
  3796 | D:5      | Found an opulent altar of Gozag.
  3796 | D:5      | Found Gozag's Platinum Reserve.
  3825 | D:5      | Noticed Prince Ribbit
  4046 | D:5      | Found an ancient bone altar of Kikubaaqudgha.
  4207 | D:5      | Noticed Eustachio
  4243 | D:5      | Killed Eustachio
  4343 | D:5      | Reached skill level 8 in Unarmed Combat
  4567 | D:6      | Reached skill level 1 in Stealth
  4601 | D:6      | Learned a level 4 spell: Cause Fear
  4836 | D:6      | Found a hide-covered altar of Uskayaw.
  4859 | D:6      | Reached XP level 9. HP: 52/83 MP: 8/8
  5002 | D:6      | Reached skill level 1 in Hexes
  5022 | D:6      | Reached skill level 5 in Shields
  5467 | D:7      | Reached skill level 9 in Unarmed Combat
  5807 | D:7      | Found a staircase to the Ecumenical Temple.
  5820 | Temple   | Entered the Ecumenical Temple
  5865 | Temple   | Became a worshipper of Elyvilon the Healer
  6064 | D:7      | Reached * piety under Elyvilon
  6625 | D:8      | Reached skill level 10 in Unarmed Combat
  6666 | D:8      | Reached ** piety under Elyvilon
  6769 | D:8      | Found a burning altar of Makhleb.
  6769 | D:8      | Noticed a green death
  6804 | D:8      | Found a shattered altar of Ashenzari.
  7517 | D:9      | Reached skill level 11 in Unarmed Combat
  7576 | D:9      | Reached skill level 1 in Invocations
  7589 | D:9      | Reached XP level 10. HP: 79/92 MP: 9/9
  7666 | D:9      | Found Gaxiesom's Armour Emporium.
  7716 | D:9      | Noticed Psyche
  7722 | D:9      | Killed Psyche
  7722 | D:9      | Reached skill level 1 in Spellcasting
  7791 | D:9      | Noticed a white ugly thing
  7804 | D:9      | Killed a white ugly thing
  8123 | D:9      | Noticed a two-headed ogre
  8126 | D:9      | Killed a two-headed ogre
  8147 | D:9      | Found a hazy altar of Hepliaklqana.
  8180 | D:9      | Found a staircase to the Orcish Mines.
  8241 | D:9      | Reached *** piety under Elyvilon
  8273 | D:9      | Reached skill level 5 in Invocations
  8415 | D:10     | Entered Level 10 of the Dungeon
  8682 | D:10     | Noticed a two-headed ogre
  8694 | D:10     | Killed a two-headed ogre
  8991 | D:10     | Reached XP level 11. HP: 64/101 MP: 10/14
  9059 | D:10     | Found a staircase to the Lair.
  9823 | D:10     | Reached skill level 5 in Fighting
  9978 | Lair:1   | Entered Level 1 of the Lair of Beasts
 10326 | Lair:2   | Reached **** piety under Elyvilon
 10397 | Lair:2   | Noticed a catoblepas
 10415 | Lair:2   | Killed a catoblepas
 10415 | Lair:2   | Reached skill level 12 in Unarmed Combat
 10850 | Lair:2   | Learned a level 1 spell: Confusing Touch
 10940 | Lair:2   | Noticed a six-headed hydra
 11174 | Lair:3   | Learned a level 2 spell: Blink
 11183 | Lair:4   | Noticed an eight-headed hydra
 11225 | Lair:3   | Reached skill level 13 in Unarmed Combat
 11239 | Lair:3   | Reached skill level 1 in Translocations
 11381 | Lair:4   | Found a staircase to the Snake Pit.
 11397 | Lair:4   | Reached ***** piety under Elyvilon
 11446 | Lair:4   | Reached XP level 12. HP: 82/114 MP: 15/15
 11464 | Lair:4   | HP: 4/114 [elephant (13)]
 11465 | Lair:4   | Slain by an elephant

Vault maps used:
D:1:      saegor_arrival_simple_a
D:2:      nicolae_overflow_crystal_walls, gammafunk_temple_overflow_elements,
          fedhas_altar_3, uniq_natasha, uniq_jessica
D:3:      cheibrodos_sewer_entry_drain
D:4:      gammafunk_ghost_arena, first_ration, grunt_ministairs_11,
          guppyfry_early_lair_pool, uniq_blork_the_orc
D:5:      kennysheep_mini_moat, bloody_trog, nicolae_gozag_zags_fifth_avenue,
          serial_park_tiny_pond, serial_park_tiny_pond, uniq_eustachio,
          uniq_prince_ribbit1
D:6:      kennysheep_mini, grunt_ministairs_3
D:7:      minmay_temple_entry_mist
D:8:      nicolae_overflow_hidden_temple, makhleb_altar_promises_db,
          blue_anna_alchemist
D:9:      lemuel_crystal_altar, orc_0_dummy, serial_shops,
          nicolae_shop_waterfront, grunt_potential, uniq_psyche
D:10:     erik_lair_island
Temple:   chequers_temple_sunken
Lair:1:   wad_woods_road_03, beast_lair_carwin_10, uniq_nergalle
Lair:2:   shoals_dummy_entry
Lair:3:   serial_bayou_shore_a, grunt_megastairs_3, infiniplex_staircase_pool_2,
          uniq_sonja, uniq_gastronok
Lair:4:   dummy_snake_entry, grunt_forest_large_clearings
Sewer:    sewer_minmay_treatment

Skill      XL: |  1  2  3  4  5  6  7  8  9 10 11 12 |
---------------+-------------------------------------+-----
Unarmed Combat | 3 4 5 7 8 11 13 | 13.4
Shields        | 3 4 5 |  5.1
Dodging        | 3 4 |  4.8
Fighting       | 3 4 6 |  6.0
Stealth        | 1 |  1.0
Hexes          | 1 3 |  3.0
Invocations    | 1 6 |  6.3
Spellcasting   | 2 |  2.7
Translocations | 1 2 |  2.0

Action                   |  1- 3 |  4- 6 |  7- 9 | 10-12 || total
-------------------------+-------+-------+-------+-------++-------
Melee: Unarmed           |   135 |   253 |   484 |   438 ||  1310
Evoke: Wand              |       |       |       |     7 ||     7
  Use: Scroll            |     4 |     7 |     8 |     7 ||    26
       Potion            |     1 |       |       |     2 ||     3
 Stab: Sleeping          |     1 |     1 |     2 |       ||     4
       Distracted        |       |       |     1 |       ||     1
  Eat: Chunk             |    12 |    16 |    45 |    46 ||   119
       Ration            |       |       |       |     3 ||     3
Armor: Robe              |    47 |    87 |    90 |    78 ||   302
Dodge: Dodged            |    38 |    84 |   119 |   133 ||   374
Block: Shield            |    60 |   139 |   220 |   211 ||   630

Table legend:
 A = Non-vault XP
 B = Vault XP
 C = Vault XP percentage of total XP
 D = Non-vault monster count
 E = Vault monster count
 F = Vault count percentage of total count
                 A         B        C        D         E       F
            +---------+---------+-------+---------+---------+-------
      Total |   16136 |    6522 |  28.8 |     273 |     108 |  28.3
            +---------+---------+-------+---------+---------+-------
        D:1 |      44 |       0 |   0.0 |      25 |       0 |   0.0
        D:2 |     122 |      73 |  37.4 |      25 |       2 |   7.4
        D:3 |     175 |       7 |   3.8 |      42 |       2 |   4.5
        D:4 |     155 |     143 |  48.0 |       7 |       8 |  53.3
        D:5 |     836 |     364 |  30.3 |      32 |       3 |   8.6
        D:6 |     822 |      87 |   9.6 |      21 |       4 |  16.0
        D:7 |     937 |       0 |   0.0 |      19 |       0 |   0.0
        D:8 |     768 |     103 |  11.8 |      15 |       1 |   6.2
        D:9 |    2023 |    1738 |  46.2 |      26 |      18 |  40.9
       D:10 |    3186 |    1245 |  28.1 |      35 |      10 |  22.2
     Lair:1 |       0 |    1297 | 100.0 |       0 |       6 | 100.0
     Lair:2 |    3062 |       0 |   0.0 |      11 |       0 |   0.0
     Lair:3 |    2307 |    1010 |  30.4 |      11 |       5 |  31.2
     Lair:4 |    1699 |     119 |   6.5 |       4 |       1 |  20.0
      Sewer |       0 |     336 | 100.0 |       0 |      48 | 100.0
            +---------+---------+-------+---------+---------+-------
